 Dungeon Crawl Stone Soup version 0.27.0-1-g7a089689b8 (webtiles) character file.

Game seed: 8378454186774149755

48 AtlasWard the Chucker (level 3, -1/39 HPs)
             Began as an Ogre Hunter on Aug 6, 2021.
             Succumbed to a gnoll's poison
             ... on level 2 of the Dungeon.
             The game lasted 00:05:24 (2741 turns).

AtlasWard the Chucker (Ogre Hunter)                 Turns: 2741, Time: 00:05:25

Health: -1/39      AC:  4    Str: 17    XL:     3   Next: 72%
Magic:  3/3        EV:  9    Int: 12    God:
Gold:   80         SH:  0    Dex:  9    Spells: 2/2 levels left

rFire    + . .     SeeInvis .   h - staff of fire
rCold    . . .     Faith    .   (no shield)
rNeg     . . .     Spirit   .   b - +0 robe
rPois    .         Reflect  .   (helmet restricted)
rElec    .         Harm     .   n - +0 cloak
rCorr    .         Rampage  .   (gloves unavailable)
Will     .....                  (boots unavailable)
Stlth    +.........             (no amulet)
HPRegen  0.13/turn              (no ring)
MPRegen  0.08/turn              (no ring)

@: lethally poisoned (-1 -> -31)
A: large, unfitting armour, tough skin 1
a: no special abilities


You were on level 2 of the Dungeon.
You visited 1 branch of the dungeon, and saw 3 of its levels.

You collected 80 gold pieces.

Inventory:

Hand Weapons
 a - a +0 short sword
 g - a +0 mace
Missiles
 c - 5 large rocks
 d - 2 throwing nets
 i - 40 stones (quivered)
Armour
 b - a +0 robe (worn)
 n - a +0 cloak (worn)
Magical Staves
 h - a staff of fire (weapon)
Wands
 m - a wand of flame (30)
Scrolls
 e - 2 scrolls of teleportation {unknown}
 f - a scroll of amnesia {unknown}
 j - 7 scrolls of identify {unknown}
 l - a scroll of fear {unknown}
Potions
 k - 2 potions of haste {unknown}


   Skills:
 * Level 4.3 Fighting
 + Level 4.6 Throwing
 - Level 1.7 Dodging
 - Level 0.6 Stealth


You had 2 spell levels left.
You didn't know any spells.
Your spell library was empty.

Dungeon Overview and Level Annotations

Branches:
Dungeon (3/15)

Altars:

Annotations:
D:2 Natasha


Innate Abilities, Weirdness & Mutations

You are too large for most types of armour.
You have tough skin. (AC +1)


Message History

Press: ? - help, Q - select action, (/) - cycle Shift-Dir - straight line, f - gnoll
Aim: a gnoll, wielding a +1 spear of venom (63% to hit)
You throw a stone. The stone barely misses the gnoll.
Throw: 41 stones
Press: ? - help, Q - select action, (/) - cycle Shift-Dir - straight line, f/p - gnoll
Aim: a gnoll, wielding a +1 spear of venom (63% to hit)
You throw a stone.
The stone hits the gnoll but does no damage.
The gnoll hits you from afar with a +1 spear of venom.
You are poisoned.
You feel very sick.
You feel sick. The gnoll barely misses you.
There is a stone staircase leading up here.
You feel sick.
The gnoll hits you with a +1 spear of venom.
You climb upwards.
Level annotation: Natasha You feel sick.
There is a stone staircase leading down here.
You hit the gnoll but do no damage.
You feel sick.
The gnoll hits you with a +1 spear of venom.
You are more poisoned.
You hit the gnoll.
The gnoll is lightly wounded.
You feel sick. The gnoll completely misses you.
You are too injured to fight recklessly!
You hit the gnoll.
The gnoll is heavily wounded.
You feel very sick. The gnoll hits you but does no damage.
You closely miss the gnoll.
The gnoll is heavily wounded.
You feel sick. The gnoll hits you but does no damage.
You are lethally poisoned!
The gnoll hits you with a +1 spear of venom.
* * * LOW HITPOINT WARNING * * *
You are more poisoned.
You closely miss the gnoll.
The gnoll is heavily wounded.
You die...

#.#..(.........#.###
#.#............#....
#...##.#######.####.
#########..##.# #......
#..........##.##########...
#..........#...............
#..........#......#####....
#..........#......# #....
#........g@#......# #..##
#.........##......# #..##
#.........##......# #..##
#.........##......# #..##
############......# #..##
#......# #....
############......#####.###
#.........................#
#.#####################.#.#


You could see a gnoll.

Vanquished Creatures
  4 endoplasms
  2 giant cockroaches
  6 hobgoblins
  6 jackals (D:1)
  2 kobolds
  A quokka (D:1)
  6 ball pythons
  4 bats
  A frilled lizard (D:2)
  3 goblins
  8 rats
43 creatures vanquished.

Notes
Turn   | Place    | Note
-------+----------+-------------------------------------------
     0 | D:1      | AtlasWard the Ogre Hunter began the quest for the Orb.
     0 | D:1      | Reached XP level 1. HP: 22/22 MP: 1/1
     3 | D:1      | Noticed an electric eel
     4 | D:1      | Noticed an electric eel
   268 | D:1      | Reached XP level 2. HP: 18/31 MP: 2/2
  1089 | D:1      | Reached XP level 3. HP: 37/39 MP: 3/3
  1902 | D:2      | Noticed Natasha
  2741 | D:2      | Succumbed to a gnoll's poison

Illustrated notes

Levels and vault maps discovered:
D:1:      arrival_aquarium_b, layout_loops_cross
D:2:      layout_basic, uniq_natasha
D:3:      layout_loops_ring, mainiacjoe_overflow_tiny_flanked, uniq_terence,
          uniq_robin

Skill      XL: |  1  2  3 |
---------------+----------+-----
Fighting       | 3 4 |  4.3
Throwing       | |  4.6
Dodging        | |  1.7
Stealth        | |  0.6

Action                   || total
-------------------------++-------
Melee: Short sword       ||   117
       Staff             ||    92
Throw: Stone             ||    14
 Stab: Sleeping          ||     2
Armor: Robe              ||    84
Dodge: Dodged            ||   134
